 Dungeon Crawl Stone Soup version 0.21-a0-297-ga3d34c2 (webtiles) character file.

1883 KarmaPolice the Cutter (level 8, -1/64 HPs)
             Began as a Vampire Assassin on Sept 14, 2017.
             Was an Initiate of Kikubaaqudgha.
             Slain by an orc priest
             ... wielding a +0 club
              (2 damage)
             ... on level 6 of the Dungeon on Sept 28, 2017.
             The game lasted 00:48:32 (12060 turns).

KarmaPolice the Cutter (Vampire Assassin)          Turns: 12060, Time: 00:48:33

Health: -1/64      AC:  4    Str: 12    XL:     8   Next: 92%
Magic:  14/14      EV: 12    Int: 14    God:    Kikubaaqudgha [......]
Gold:   327        SH:  0    Dex: 15    Spells: 13/15 levels left

rFire    . . .     SeeInvis +   a - +2 dagger
rCold    + . .     Gourm    .   (no shield)
rNeg     + + .     Faith    .   c - +0 robe
rPois    +         Spirit   .   o - +0 helmet (curse)
rElec    .         Reflect  .   d - +0 cloak
rCorr    .         Harm     .   (no gloves)
MR       .....                  (no boots)
Stlth    ++++......             y - amulet of regeneration
HPRegen  0.30/turn              (no ring)
MPRegen  0.14/turn              (no ring)

@: regenerating slowly
A: fangs 3, see invisible, unbreathing
a: Bat Form, Renounce Religion


You were on level 6 of the Dungeon.
You worshipped Kikubaaqudgha.
Kikubaaqudgha was noncommittal.
You were thirsty.

You visited 2 branches of the dungeon, and saw 8 of its levels.

You collected 327 gold pieces.

Inventory:

Hand Weapons
 a - a +2 dagger (weapon)
 b - a +0 blowgun
Missiles
 f - 3 poisoned needles
 p - a curare-tipped needle
Armour
 c - a +0 robe (worn)
 d - a +0 cloak (worn)
 o - a cursed +0 helmet (worn)
Magical Staves
 A - an uncursed staff of poison {unknown}
Jewellery
 l - a +2 amulet of reflection
 y - an amulet of regeneration (around neck)
Scrolls
 h - 5 scrolls of identify
 i - a scroll of random uselessness {unknown}
 k - 2 scrolls of teleportation
 m - 3 scrolls of amnesia
 s - a scroll of enchant weapon {unknown}
 t - a scroll of fog {unknown}
 B - a scroll of immolation {unknown}
 C - a scroll of enchant armour {unknown}
Potions
 e - 2 potions of flight
 g - 6 potions of blood
 j - a potion of brilliance {unknown}
 n - a potion of invisibility {unknown}
 q - a potion of resistance {unknown}
 r - 4 potions of curing
 v - a potion of mutation {unknown}
 w - a potion of cancellation {unknown}
 x - 2 potions of agility
 z - a potion of lignification {unknown}
Books
 u - a book of Minor Magic

   Spells                             Type                      Level
   a - Magic Dart                     Conjuration                  1
   b - Blink                          Translocation                2
   c - Call Imp                       Summoning                    2
   d - Slow                           Hexes                        2
   e - Conjure Flame                  Conjuration/Fire             3
   f - Mephitic Cloud                 Conjuration/Poison/Air       3


   Skills:
 - Level 5.7 Fighting
 + Level 6.9 Short Blades
   Level 0.0(3.8) Long Blades
   Level 0.0 Axes
   Level 0.0 Maces & Flails
   Level 0.0 Polearms
   Level 0.0(1.5) Slings
   Level 0.0 Bows
   Level 0.0 Crossbows
 - Level 2.7 Throwing
 - Level 2.0 Armour
 - Level 1.1 Dodging
 - Level 5.9 Stealth
   Level 0.0 Stabbing
   Level 0.0 Shields
   Level 0.0 Traps
 + Level 4.4 Spellcasting
   Level 0.0 Conjurations
 - Level 4.3 Hexes
   Level 0.0 Charms
   Level 0.0 Summonings
 + Level 2.9 Necromancy
   Level 0.0 Translocations
   Level 0.0 Transmutations
   Level 0.0 Fire Magic
   Level 0.0 Ice Magic
   Level 0.0 Air Magic
   Level 0.0 Earth Magic
   Level 0.0 Poison Magic
   Level 0.0 Invocations
   Level 0.0 Evocations


You had 13 spell levels left.
You knew the following spells:

 Your Spells              Type           Power        Failure   Level  Hunger
a - Slow                  Hex            ###.....     4%          2    ##.....


Dungeon Overview and Level Annotations

Branches:
Dungeon (7/15)             Temple (1/1) D:5

Altars:
Ashenzari
Cheibriados
Dithmenos
Elyvilon
Fedhas
Gozag
Hepliaklqana
Kikubaaqudgha
Makhleb
Nemelex Xobeh
Okawaru
Qazlal
Ru
Sif Muna
Trog
Uskayaw
Vehumet
Wu Jian
Xom
Yredelemnul
Zin
The Shining One

Shops:
D:4 [

Annotations:
D:7 Menkaure


Innate Abilities, Weirdness & Mutations

You heal slowly.
You have razor-sharp teeth.
You have supernaturally acute eyesight. (SInv)
You can survive without breathing.


Message History

You hit the orc priest. Your bite misses the orc priest.
The orc priest is heavily wounded.
The orc priest barely misses you.
You barely miss the orc priest.
The orc priest is heavily wounded.
You hit the orc priest.
The orc priest is severely wounded.
The orc priest invokes the aid of Beogh against you.
You struggle to resist.
You hit the orc priest but do no damage.
The orc priest is severely wounded.
You hit the orc priest but do no damage.
The orc priest is severely wounded.
The orc priest hits you with a club.
* * * LOW HITPOINT WARNING * * *
You closely miss the orc priest.
The orc priest is severely wounded.
The orc priest hits you with a club.
You die...
Kikubaaqudgha rasps: "You have failed me!
Welcome... oblivion!"

###########
#...@o....#
#.#######.# #.#
#.#
#############.#
#.#
...........##.#
#.#
##########.##.####
#.#
########...%...#
#.#
###............#.#
#.#
....#########..#.#
#.#


You could see an orc priest.

Vanquished Creatures
  A hippogriff (D:5)
  Sigmund (D:3)
  A hungry ghost (D:7)
  An ice beast (D:6)
  A black bear (D:4)
  2 ogres (D:5)
  2 bullfrogs
  A scorpion (D:7)
  A wight (D:6)
  A howler monkey (D:4)
  4 crimson imps
  An orc priest (D:5)
  An orc wizard (D:5)
  2 hounds (D:5)
  An iguana (D:4)
  A gnoll shaman (D:5)
  4 worker ants
  Natasha (thrice) (D:2)
  Terence (D:3)
  A worker ant zombie (D:6)
  7 gnolls
  9 adders
  A shadow imp (D:5)
  An adder skeleton (D:6)
  An adder zombie (D:7)
  4 worms
  A dart slug (D:4)
  8 leopard geckos
  9 orcs
  3 ball pythons
  A giant cockroach (D:1)
  9 hobgoblins
  14 jackals
  5 quokkas
  9 bats
  4 frilled lizards
  8 goblins
  7 kobolds
  A leopard gecko zombie (D:6)
  A quokka skeleton (D:7)
  A quokka zombie (D:6)
  14 rats
149 creatures vanquished.

Vanquished Creatures (others)
  A fungus (D:6)
  A plant (D:6)
2 creatures vanquished.

Grand Total: 151 creatures vanquished

Notes
Turn   | Place    | Note
-------+----------+-------------------------------------------
     0 | D:1      | KarmaPolice the Vampire Assassin began the quest for the Orb.
     0 | D:1      | Reached XP level 1. HP: 16/16 MP: 1/1
   129 | D:1      | Reached XP level 2. HP: 22/22 MP: 2/2
   690 | D:2      | Noticed Natasha
   696 | D:2      | Killed Natasha
   696 | D:2      | Reached skill level 3 in Short Blades
   696 | D:2      | Reached XP level 3. HP: 28/28 MP: 3/3
   951 | D:2      | Noticed Natasha
   968 | D:2      | Killed Natasha
   968 | D:2      | Reached XP level 4. HP: 24/34 MP: 4/4
  1052 | D:2      | Noticed Natasha
  1068 | D:2      | Killed Natasha
  2124 | D:2      | Found a basalt altar of Yredelemnul.
  2157 | D:2      | Reached XP level 5. HP: 41/41 MP: 5/5
  2334 | D:2      | Reached skill level 4 in Short Blades
  2512 | D:3      | Noticed Sigmund
  2745 | D:3      | Found an ornate altar of the Wu Jian Council.
  3048 | D:3      | Found an opulent altar of Gozag.
  3162 | D:3      | Noticed Terence
  3171 | D:3      | Killed Terence
  3171 | D:3      | Reached XP level 6. HP: 48/48 MP: 6/6
  3619 | D:3      | Killed Sigmund
  3619 | D:3      | Reached skill level 5 in Short Blades
  3619 | D:3      | Reached skill level 1 in Spellcasting
  3967 | D:4      | Found Cuiqeg's Antique Armour Shop.
  3971 | D:4      | Reached XP level 7. HP: 55/55 MP: 9/9
  4011 | D:4      | Found a shimmering altar of Xom.
  4013 | D:4      | Found a hazy altar of Hepliaklqana.
  4013 | D:4      | Noticed a tyrant leech
  4014 | D:4      | Noticed a tyrant leech
  4014 | D:4      | Noticed a spectral ugly thing
  4157 | D:4      | Found a shadowy altar of Dithmenos.
  4157 | D:4      | Found a snail-covered altar of Cheibriados.
  4208 | D:4      | HP: 1/55 [iguana (5)]
  5027 | D:4      | Learned a level 2 spell: Slow
  6046 | D:4      | Reached skill level 1 in Hexes
  6401 | D:4      | Found a bloodstained altar of Trog.
  6446 | D:5      | Entered Level 5 of the Dungeon
  6446 | D:5      | Found a sacrificial altar of Ru.
  6454 | D:5      | Reached skill level 5 in Fighting
  6654 | D:5      | Upgraded the game from 0.21-a0-270-g8204059 to 0.21-a0-272-g984ae92
  7152 | D:5      | Reached skill level 6 in Short Blades
  7339 | D:5      | Noticed a hippogriff
  7436 | D:5      | Reached XP level 8. HP: 62/62 MP: 12/12
  7466 | D:5      | Killed a hippogriff
  7466 | D:5      | Reached skill level 1 in Armour
  8385 | D:5      | Found a staircase to the Ecumenical Temple.
  8397 | Temple   | Entered the Ecumenical Temple
  8403 | Temple   | Became a worshipper of Kikubaaqudgha
  8685 | D:5      | Found a deep blue altar of Sif Muna.
  8907 | D:6      | Found a stormy altar of Qazlal.
  8912 | D:6      | Found a blossoming altar of Fedhas.
  8977 | D:6      | Reached skill level 1 in Necromancy
 10770 | D:6      | Upgraded the game from 0.21-a0-272-g984ae92 to 0.21-a0-278-ga722497
 11182 | D:5      | Upgraded the game from 0.21-a0-278-ga722497 to 0.21-a0-297-ga3d34c2
 11819 | D:7      | Noticed Menkaure
 12054 | D:6      | HP: 2/64 [orc priest/club (6)]
 12059 | D:6      | HP: 1/64 [orc priest/club (2)]
 12060 | D:6      | Slain by an orc priest

Vault maps used:
D:1:      roderic_chinese_lattice_arrival, minmay_box_of_dots
D:2:      lemuel_round_altar, uniq_natasha
D:3:      nicolae_overflow_hidden_temple, minmay_misc_feat_enclosed,
          nicolae_gozag_seed_capital, uniq_terence, uniq_sigmund
D:4:      regret_index_temple_of_mockery, gammafunk_temple_overflow_wave,
          serial_shops, shop, fountainhead, trog_butcher_becter
D:5:      lemuel_crystal_altar, lemuel_blue_sif_altar,
          minmay_temple_entry_large_hall, first_bread
D:6:      grunt_temple_overflow_forces_of_nature, serial_bayou_lake_a
D:7:      uniq_menkaure
Temple:   minmay_freezing_vapour_temple

Skill      XL: |  1  2  3  4  5  6  7  8 |
---------------+-------------------------+-----
Fighting       | 2 3 4 5 |  5.7
Throwing       | 2 |  2.7
Short Blades   | 3 4 5 6 |  6.9
Spellcasting   | 1 3 4 |  4.4
Hexes          | 3 4 |  4.3
Armour         | 2 |  2.0
Necromancy     | 2 |  2.9
Dodging        | |  1.1
Stealth        | |  5.9

Action                   |  1- 3 |  4- 6 |  7- 9 || total
-------------------------+-------+-------+-------++-------
Melee: Dagger            |    94 |   238 |   540 ||   872
       Bite              |     9 |    16 |    76 ||   101
       Unarmed           |       |       |     1 ||     1
 Fire: Blowgun           |     6 |    17 |    26 ||    49
 Abil: End Transformatio |       |       |    17 ||    17
       Bat Form          |       |       |    17 ||    17
  Use: Potion            |       |     4 |    13 ||    17
       Scroll            |       |       |     7 ||     7
 Stab: Sleeping          |    14 |    17 |     8 ||    39
       Distracted        |       |       |     1 ||     1
  Eat: Corpse            |       |       |     2 ||     2
Armor: Robe              |    29 |    36 |    54 ||   119
Dodge: Dodged            |    66 |   126 |   187 ||   379
Block: Other             |       |       |    16 ||    16
       Reflection        |       |       |     1 ||     1

Table legend:
 A = Spawn XP
 B = Non-spawn XP
 C = Spawn XP percentage of total XP
 D = Spawn monster count
 E = Non-spawn monster count
 F = Spawn count percentage of total count
 G = Total turns spent on level
                    A         B        C        D         E        F      G
               +---------+---------+-------+---------+---------+-------+---------
         Total |       0 |    2690 |   0.0 |       0 |     149 |   0.0 | 12060
               +---------+---------+-------+---------+---------+-------+---------
           D:1 |       0 |      38 |   0.0 |       0 |      24 |   0.0 |   674
           D:2 |       0 |     266 |   0.0 |       0 |      32 |   0.0 |  2087
           D:3 |       0 |     388 |   0.0 |       0 |      23 |   0.0 |  1206
           D:4 |       0 |     342 |   0.0 |       0 |      21 |   0.0 |  2659
           D:5 |       0 |     953 |   0.0 |       0 |      29 |   0.0 |  3506
           D:6 |       0 |     346 |   0.0 |       0 |      12 |   0.0 |  1571
           D:7 |       0 |     357 |   0.0 |       0 |       8 |   0.0 |   345
               +---------+---------+-------+---------+---------+-------+---------
